 Dungeon Sprint DCSS version 0.29-a0-857-g9b1aa3ac5b (webtiles) character file.

Game seed: 3407725004873284305

64428 mhtbhm the End of an Era (level 15, -14/111 HPs)
             Began as a Gargoyle Fighter on July 16, 2022.
             Was the Champion of Qazlal.
             Demolished by Asmodeus
             ... wielding the +7 sceptre of Asmodeus
              (16 damage)
             ... in the Dungeon (Sprint VII: "The Pits").
             The game lasted 00:16:51 (5656 turns).

mhtbhm the End of an Era (Gargoyle Fighter)         Turns: 5656, Time: 00:16:51

Health: -14/111    AC: 38    Str: 34    XL:     15   Next: 13%
Magic:  30/30      EV: 14    Int:  8    God:    Qazlal [******]
Gold:   7          SH: 24    Dex:  9    Spells: 14/14 levels left

rFire   + + .      SeeInvis .   a - +2 morningstar (chaos)
rCold   . . .      Faith    .   c - +2 kite shield {reflect}
rNeg    + . .      Spirit   .   b - +2 plate armour {rF+}
rPois   ∞          Reflect  +   (no helmet)
rElec   +          Harm     .   o - +2 cloak {Stlth+}
rCorr   .          Rampage  .   (no gloves)
Will    +....      NoTele   +   G - +2 pair of boots {Stlth+}
Stlth   +.........              E - amulet of magic regeneration
HPRegen 0.28/turn               C - +6 ring of strength
MPRegen 0.62/turn               p - +4 ring of evasion

@: protected from fire, on berserk cooldown, flying, hasted and slowed, repel
missiles
A: sickness immunity, AC +11, big wings, negative energy resistance 1,
electricity resistance, torment resistance 1, petrification resistance
a: Renounce Religion, Upheaval, Elemental Force, Disaster Area


You were in the Dungeon.
You worshipped Qazlal.
Qazlal was exalted by your worship.
You visited 1 branch You collected 7 gold pieces.

Inventory:

Hand Weapons
 a - a +2 morningstar of chaos (weapon)
 q - the +10 broad axe of Apsenwat {pain, rF+}
   (You found it in the Dungeon)

   In the hands of one skilled in necromantic magic, it inflicts extra damage on
   living creatures.
   rF:        It protects you from fire.
Missiles
 t - 3 throwing nets (quivered)
Armour
 b - a +2 plate armour of fire resistance (worn)
 c - a +2 kite shield of reflection (worn)
 o - a +2 cloak of stealth (worn)
 G - a +2 pair of boots of stealth (worn)
Jewellery
 p - a +4 ring of evasion (right hand)
 y - a +6 ring of dexterity
 z - a ring of ice
 C - a +6 ring of strength (left hand)
 E - an amulet of magic regeneration (around neck)
Scrolls
 l - 5 scrolls of amnesia
 m - a scroll of summoning
 u - a scroll of identify
 v - 4 scrolls of fear
 w - 5 scrolls of enchant weapon
 x - 2 scrolls of enchant armour
Potions
 e - 8 potions of curing
 h - 3 potions of magic
 i - 2 potions of berserk rage
 k - a potion of invisibility
 n - a potion of ambrosia
 r - 3 potions of brilliance
 s - a potion of mutation
Miscellaneous
 A - a box of beasts
 D - a phial of floods


   Skills:
 + Level 19.2 Fighting
 + Level 18.9 Maces & Flails
 + Level 17.4 Armour
 + Level 7.8 Dodging
 + Level 7.4 Stealth
 + Level 20.7 Shields
 * Level 23.7 Invocations
 + Level 0.8 Evocations


You had 14 spell levels left.
You didn't know any spells.
Your spell library contained the following spells:

 Spells                   Type           Power      Damage    Failure   Level
 Blink                    Tloc           0%         N/A       98%         2
 Manifold Assault         Tloc           0%         N/A       100%        5
 Storm Form               Tmut/Air       0%         N/A       100%        7


Dungeon Overview and Level Annotations

Branches:
Dungeon (1/1)

Altars:
Ashenzari
Cheibriados
Dithmenos
Elyvilon
Fedhas
Gozag
Hepliaklqana
Kikubaaqudgha
Makhleb
Nemelex Xobeh
Okawaru
Qazlal
Ru
Sif Muna
Trog
Uskayaw
Vehumet
Wu Jian
Xom
Yredelemnul
Zin
The Shining One
Jiyva
Lugonu

Annotations:
D Asmodeus


Innate Abilities, Weirdness & Mutations

You are immune to sickness and miasma.
Your stone body is resilient. (AC +11)
You are immune to poison.
Your large and strong wings let you fly.
You resist negative energy. (rN+)
You are resistant to electric shocks. (rElec)
You are resistant to unholy torment.
You are immune to petrification.


Message History

The balrug completely resists.
The fireball engulfs you! You resist.
You feel more protected from fire.
* * * LOW HITPOINT WARNING * * *
Press: ? - help, v - describe, . - travel
Here: Asmodeus, wielding the +7 sceptre of Asmodeus (heavily wounded, unusually agile, surrounded by flames)
An open door.
Unknown command.
You barely miss Asmodeus.
Asmodeus is heavily wounded.
Asmodeus closely misses you.
You closely miss Asmodeus.
Asmodeus is heavily wounded.
You closely miss Asmodeus.
Asmodeus is heavily wounded.
Asmodeus gestures at you.
The sphere of damnation explodes!
The damnation engulfs you!
* * * LOW HITPOINT WARNING * * *
The damnation engulfs Asmodeus.
Asmodeus completely resists.
You hit Asmodeus but do no damage.
Asmodeus flickers and vanishes!
Deactivating autopickup; reactivate with Ctrl-A.
Unknown command.
You barely miss something. Something hits you!
* * * LOW HITPOINT WARNING * * *
Your resistance to fire fades away.
You feel protected from physical attacks.
You puncture something! The balrug gestures at you.
The bolt of fire hits something.
The bolt of fire hits you but does no damage.
You resist.
Your resistance to physical damage fades away.
You feel protected from fire.
You hit something but do no damage. Something hits you but does no damage.
You bludgeon something!! You miss something. You barely miss something.
You are no longer berserk.
You are exhausted.
You feel yourself slow down. Something hits you!
You die...

#+#
#.#
#'#
#2#
#{#
##@##
#2§.#
+...#
##.##
#)#
#.#
#'#
#[#
#'#


You could see 2 balrugs.

Vanquished Creatures
  A pandemonium lord (D)
  An ancient lich (D)
  Xtahua (D)
  A profane servitor (D)
  A pearl dragon (D)
  A Brimstone Fiend (D)
  A tentacled monstrosity (D)
  A death cob (D)
  Murray (D)
  Frances (D)
  A nagaraja (D)
  2 orc warlords (D)
  A draconian scorcher (D)
  An iron dragon (D)
  A cacodemon (D)
  A vampire knight (D)
  A minotaur (D)
  3 yaktaur captains (D)
  An ice dragon (D)
  Harold (D)
  3 vault guards (D)
  A catoblepas (D)
  A boulder beetle (D)
  2 alligator snapping turtles (D)
  A merfolk aquamancer (D)
  A naga warrior (D)
  A two-headed ogre (D)
  An anaconda (D)
  A dancing weapon (D)
  An orc high priest (D)
  3 deep elf knights (D)
  A soul eater (D)
  5 skeletal warriors (D)
  A shadow wraith (D)
  A sixfirhy (D)
  A flayed ghost (D)
  A deep elf zephyrmancer (D)
  A swamp dragon (D)
  8 orc knights (D)
  A lindwurm (D)
  An orc sorcerer (D)
  A wolf spider (D)
  A manticore (D)
  Joseph (D)
  A gargoyle (D)
  2 black mambas (D)
  A molten gargoyle (D)
  A smoke demon (D)
  4 yaktaurs (D)
  An efreet (D)
  An orange demon (D)
  A tormentor (D)
  2 guardian mummies (D)
  2 ice devils (D)
  A demonic crawler (D)
  A queen bee (shapeshifter) (D)
  3 wandering mushrooms (D)
  A hornet (D)
  A troll (D)
  2 merfolk (D)
  A tyrant leech (D)
  5 dream sheep (D)
  2 snapping turtles (D)
  A flying skull (D)
  2 water elementals (D)
  A shadow (D)
  3 yaks (D)
  A culicivora (D)
  A wyvern (D)
  2 basilisks (D)
  A ynoxinul (D)
  3 redbacks (D)
  2 vampire mosquitoes (D)
  An acid dragon (D)
  A warg (D)
  7 hell hounds (D)
  A sky beast (D)
  2 ogres (D)
  2 wolves (D)
  A gnoll sergeant (D)
  4 wights (D)
  A crimson imp (D)
  A jelly (D)
  A quasit (D)
  A hound (D)
  An iron imp (D)
  Crazy Yiuf (D)
  2 iguanas (D)
  An orc wizard (D)
  A mummy (D)
  5 gnolls (D)
  A river rat (D)
  2 ufetubi (D)
  An adder zombie (D)
  5 orcs (D)
  A bat (D)
  A bat zombie (D)
  2 endoplasms (D)
  A goblin (D)
  A ball python (D)
  A frilled lizard (D)
  A jackal zombie (D)
  A rat (D)
165 creatures vanquished.

Vanquished Creatures (collateral kills)
  An emperor scorpion (D)
  A black draconian (D)
  A deep troll (D)
  A phantasmal warrior (D)
  A red devil (D)
  A snapping turtle (D)
  A culicivora (D)
  A spriggan (D)
  A redback (D)
  A wolf (D)
10 creatures vanquished.

Vanquished Creatures (others)
  An ice dragon (D)
  A hell hound (D)
  A jelly (D)
3 creatures vanquished.

Grand Total: 178 creatures vanquished

Notes
Turn   | Place    | Note
-------+----------+-------------------------------------------
     0 | D        | mhtbhm the Gargoyle Fighter began the quest for the Orb.
     0 | D        | Reached XP level 1. HP: 14/14 MP: 1/1
    20 | D        | Reached XP level 2. HP: 9/20 MP: 2/2
   176 | D        | Found a bloodstained altar of Trog.
   176 | D        | Found a shimmering blue altar of Sif Muna.
   176 | D        | Found a viscous altar of Jiyva.
   176 | D        | Found a hazy altar of Hepliaklqana.
   176 | D        | Found an opulent altar of Gozag.
   177 | D        | Found a glowing golden altar of the Shining One.
   177 | D        | Found a glowing silver altar of Zin.
   177 | D        | Found a basalt altar of Yredelemnul.
   177 | D        | Found a shimmering altar of Xom.
   177 | D        | Found an ornate altar of the Wu Jian Council.
   177 | D        | Found a sacrificial altar of Ru.
   177 | D        | Found a stormy altar of Qazlal.
   177 | D        | Found an iron altar of Okawaru.
   177 | D        | Found a sparkling altar of Nemelex Xobeh.
   177 | D        | Found a burning altar of Makhleb.
   177 | D        | Found a blossoming altar of Fedhas.
   177 | D        | Found a white marble altar of Elyvilon.
   177 | D        | Found a shadowy altar of Dithmenos.
   177 | D        | Found a snail-covered altar of Cheibriados.
   180 | D        | Found a corrupted altar of Lugonu.
   180 | D        | Found a radiant altar of Vehumet.
   181 | D        | Found an ancient bone altar of Kikubaaqudgha.
   181 | D        | Found a hide-covered altar of Uskayaw.
   181 | D        | Found a broken altar of Ashenzari.
   186 | D        | Became a worshipper of Qazlal Stormbringer
   234 | D        | Reached skill level 1 in Invocations
   328 | D        | Reached * piety under Qazlal
   335 | D        | Reached XP level 3. HP: 13/24 MP: 2/4
   483 | D        | Reached skill level 2 in Invocations
   483 | D        | Reached ** piety under Qazlal
   628 | D        | Reached skill level 5 in Armour
   628 | D        | Reached skill level 5 in Shields
   726 | D        | Noticed Crazy Yiuf
   732 | D        | Noticed an ogre
   736 | D        | Reached skill level 5 in Fighting
   736 | D        | Reached skill level 1 in Dodging
   736 | D        | Reached skill level 3 in Invocations
   736 | D        | Reached XP level 4. HP: 31/31 MP: 4/6
   738 | D        | Killed Crazy Yiuf
   738 | D        | Reached *** piety under Qazlal
   746 | D        | Killed an ogre
   747 | D        | Reached skill level 5 in Maces & Flails
   747 | D        | Reached skill level 4 in Invocations
   747 | D        | Reached XP level 5. HP: 24/36 MP: 5/8
   767 | D        | Reached **** piety under Qazlal
   768 | D        | Reached skill level 5 in Invocations
   768 | D        | Reached XP level 6. HP: 29/41 MP: 7/9
   940 | D        | Noticed a black mamba
   955 | D        | Killed a black mamba
   956 | D        | Reached skill level 6 in Invocations
   956 | D        | Reached XP level 7. HP: 34/48 MP: 10/12
  1045 | D        | Reached skill level 7 in Invocations
  1058 | D        | Reached ***** piety under Qazlal
  1308 | D        | Noticed an efreet
  1312 | D        | Noticed a guardian mummy
  1319 | D        | Killed an efreet
  1320 | D        | Reached skill level 8 in Invocations
  1320 | D        | Reached XP level 8. HP: 52/54 MP: 12/14
  1329 | D        | Killed a guardian mummy
  1330 | D        | Reached skill level 1 in Stealth
  1335 | D        | Noticed a troll
  1335 | D        | Noticed Joseph
  1337 | D        | Noticed a black mamba
  1339 | D        | Noticed Harold
  1343 | D        | Killed a troll
  1344 | D        | Reached skill level 10 in Maces & Flails
  1344 | D        | Reached skill level 9 in Invocations
  1352 | D        | Killed Joseph
  1353 | D        | Reached XP level 9. HP: 50/60 MP: 14/16
  1358 | D        | Killed a black mamba
  1359 | D        | Reached skill level 10 in Invocations
  1369 | D        | Killed Harold
  1370 | D        | Reached skill level 10 in Fighting
  1370 | D        | Reached skill level 10 in Armour
  1370 | D        | Reached skill level 10 in Shields
  1557 | D        | Reached ****** piety under Qazlal
  1570 | D        | Noticed a deep elf zephyrmancer
  1580 | D        | Killed a deep elf zephyrmancer
  1581 | D        | Reached skill level 11 in Invocations
  1581 | D        | Reached XP level 10. HP: 68/68 MP: 18/18
  1633 | D        | Noticed a two-headed ogre
  1641 | D        | Killed a two-headed ogre
  1642 | D        | Reached skill level 5 in Dodging
  1668 | D        | Noticed an orange demon
  1676 | D        | Killed an orange demon
  1835 | D        | Noticed a swamp dragon
  1835 | D        | Noticed a boulder beetle
  1840 | D        | Killed a swamp dragon
  1841 | D        | Reached skill level 12 in Invocations
  1856 | D        | Killed a boulder beetle
  2002 | D        | Noticed an emperor scorpion
  2020 | D        | Killed an emperor scorpion
  2248 | D        | Noticed a demonic crawler
  2253 | D        | Reached XP level 11. HP: 76/76 MP: 20/20
  2257 | D        | Noticed a nagaraja
  2261 | D        | Noticed a deep troll
  2268 | D        | Reached skill level 13 in Invocations
  2271 | D        | Noticed a flayed ghost
  2278 | D        | Killed a deep troll
  2283 | D        | Killed a nagaraja
  2284 | D        | Reached skill level 14 in Invocations
  2292 | D        | Killed a flayed ghost
  2308 | D        | Noticed a lindwurm
  2316 | D        | Killed a lindwurm
  2721 | D        | Reached skill level 15 in Invocations
  2768 | D        | Killed a shadow wraith
  2769 | D        | Reached skill level 15 in Maces & Flails
  2811 | D        | Noticed an orc high priest
  2811 | D        | Noticed an orc sorcerer
  2827 | D        | Killed an orc sorcerer
  2828 | D        | Reached XP level 12. HP: 84/84 MP: 23/23
  2835 | D        | Killed an orc high priest
  2959 | D        | Noticed an alligator snapping turtle
  2975 | D        | Killed an alligator snapping turtle
  2976 | D        | Reached skill level 16 in Invocations
  3136 | D        | Reached skill level 15 in Shields
  3190 | D        | Noticed an ice dragon
  3191 | D        | Noticed a minotaur
  3191 | D        | Noticed a tentacled monstrosity
  3199 | D        | Killed a tentacled monstrosity
  3201 | D        | Killed a minotaur
  3206 | D        | Killed an ice dragon
  3393 | D        | Noticed a death cob
  3412 | D        | Reached skill level 17 in Invocations
  3412 | D        | Noticed a black draconian
  3413 | D        | Noticed an alligator snapping turtle
  3417 | D        | Killed a death cob
  3426 | D        | Killed a black draconian
  3427 | D        | Reached XP level 13. HP: 44/91 MP: 13/25
  3427 | D        | Noticed Frances
  3428 | D        | Noticed an iron dragon
  3440 | D        | Noticed a vampire knight
  3444 | D        | Killed an iron dragon
  3445 | D        | Reached skill level 18 in Invocations
  3452 | D        | Killed Frances
  3453 | D        | Reached skill level 15 in Fighting
  3465 | D        | Killed a vampire knight
  3466 | D        | Reached skill level 5 in Stealth
  3466 | D        | Identified the +5 trident of the Endless Expanse {drain,
                  | Str+3}
  3485 | D        | Reached skill level 19 in Invocations
  4042 | D        | Noticed an orc warlord
  4042 | D        | Noticed an orc warlord
  4045 | D        | Killed an orc warlord
  4046 | D        | Reached skill level 20 in Invocations
  4046 | D        | Killed an orc warlord
  4048 | D        | Noticed a vault guard
  4048 | D        | Noticed a vault guard
  4048 | D        | Noticed a yaktaur captain
  4048 | D        | Noticed a yaktaur captain
  4049 | D        | Noticed a vault guard
  4050 | D        | Killed a yaktaur captain
  4050 | D        | Killed a vault guard
  4050 | D        | Killed a vault guard
  4050 | D        | Killed a yaktaur captain
  4050 | D        | Killed a yaktaur captain
  4050 | D        | Noticed an ice dragon
  4051 | D        | Reached skill level 15 in Armour
  4051 | D        | Reached skill level 21 in Invocations
  4051 | D        | Gained mutation: Your large and strong wings let you fly.
                  | [Gargoyle growth]
  4051 | D        | Reached XP level 14. HP: 63/102 MP: 13/28
  4409 | D        | Got the +10 broad axe of Apsenwat {pain, rF+}
  4471 | D        | Noticed an ancient lich
  4480 | D        | Killed an ancient lich
  4540 | D        | Noticed a red draconian scorcher
  4553 | D        | Killed a red draconian scorcher
  4554 | D        | Reached skill level 22 in Invocations
  4767 | D        | Noticed Uwuaz the pandemonium lord
  4799 | D        | Killed Uwuaz the pandemonium lord
  4965 | D        | Noticed a profane servitor
  4996 | D        | Killed a profane servitor
  5159 | D        | Noticed a pearl dragon
  5176 | D        | Killed a pearl dragon
  5275 | D        | Noticed a cacodemon
  5275 | D        | Noticed Xtahua
  5275 | D        | Noticed Murray
  5281 | D        | Killed a cacodemon
  5281 | D        | Killed Xtahua
  5282 | D        | Reached skill level 23 in Invocations
  5282 | D        | Reached XP level 15. HP: 111/111 MP: 21/30
  5287 | D        | Killed Murray
  5434 | D        | Noticed a Brimstone Fiend
  5443 | D        | Killed a Brimstone Fiend
  5616 | D        | Found the +7 sceptre of Asmodeus
  5616 | D        | Noticed Asmodeus
  5619 | D        | Noticed a balrug
  5619 | D        | Noticed a balrug
  5651 | D        | HP: 2/166 [something (11)]
  5656 | D        | Noticed a balrug
  5656 | D        | Demolished by Asmodeus

Illustrated notes

Levels and vault maps discovered:
D:        pitsprint [storerooms_1, entrance_room_1, metal_vault_5, armoury_1,
          mini_pit_1, grid_room_1, main_hall_1, silver_pit, the_coven_3,
          the_vestibule_1, steel_vault_4, golden_pit, hallway_of_sentries,
          crystal_vault_5, iron_vault_2, final_vault]

Skill      XL: |  1  2  3  4  5  6  7  8  9 10 11 12 13 14 |
---------------+-------------------------------------------+-----
Fighting       | 4 5 6 7 8 9 10 11 13 14 17 19 | 19.2
Armour         | 4 5 6 8 9 10 11 12 13 15 17 | 17.4
Shields        | 4 5 6 7 9 10 12 14 16 18 20 | 20.7
Invocations    | 1 3 4 5 6 8 9 11 12 15 17 21 23 | 23.7
Maces & Flails | 3 5 7 9 10 12 14 15 17 18 | 18.9
Dodging        | 1 2 3 4 5 7 |  7.8
Stealth        | 1 3 4 6 7 |  7.4
Evocations     | |  0.8

Action                   |  1- 3 |  4- 6 |  7- 9 | 10-12 | 13-15 || total
-------------------------+-------+-------+-------+-------+-------++-------
Melee: Flail             |    10 |       |       |       |       ||    10
       Mace              |    42 |    43 |    39 |       |       ||   124
       Morningstar       |       |       |    74 |   200 |   226 ||   500
Throw: Throwing net      |       |       |       |     1 |       ||     1
Invok: Elemental Force   |       |       |       |     7 |     5 ||    12
       Disaster Area     |       |       |       |     3 |     4 ||     7
       Upheaval          |       |       |       |     3 |     2 ||     5
Evoke: Box of beasts     |       |       |       |     1 |     2 ||     3
  Use: Potion            |     1 |     2 |     2 |    11 |    13 ||    29
       Scroll            |       |       |       |     1 |     2 ||     3
 Stab: Paralysed         |       |       |       |     2 |       ||     2
       Distracted        |       |       |       |       |     2 ||     2
       Invisible         |       |       |       |       |     1 ||     1
       Confused          |       |       |       |       |     3 ||     3
Armor: Scale mail        |    40 |    21 |    17 |       |       ||    78
       Chain mail        |       |       |    33 |   101 |    33 ||   167
       Plate armour      |       |       |       |       |    43 ||    43
Dodge: Dodged            |    35 |    16 |    41 |    95 |    64 ||   251
       Repelled          |       |       |       |     4 |     3 ||     7
Block: Buckler           |    21 |    15 |    68 |   167 |    70 ||   341
       Kite shield       |       |       |       |       |    77 ||    77
       Reflection        |       |       |       |       |     1 ||     1

Table legend: (Time is in decaauts)
 A = Elapsed time spent in this place.
 B = Non-inter-level travel time spent in this place.
 C = Inter-level travel time spent in this place.
 D = Time resting spent in this place.
 E = Time spent auto-exploring this place.
 F = Levels seen in this place.
 G = Mean time per level.
                   A        B        C        D        E       F      G
               +--------+--------+--------+--------+--------+-----+--------+
         Total |   5560 |   5560 |      0 |   3321 |     95 |   1 | 5560.0 |
       Dungeon |   5560 |   5560 |      0 |   3321 |     95 |   1 | 5560.0 |
               +--------+--------+--------+--------+--------+-----+--------+

Top non-repeatable levels by time:
       D: 5560 daAuts
